 Dungeon Crawl Stone Soup version 0.28-a0-697-g47f3eba078 (webtiles) character file.

Game seed: 15386380840123378528

387 funkygono the Firebug (level 6, -6/33 HPs)
             Began as a Gargoyle Fire Elementalist on Oct 23, 2021.
             Was an Initiate of Vehumet.
             Mangled by Duvessa (16 damage)
             ... on level 4 of the Dungeon.
             The game lasted 00:07:22 (4881 turns).

funkygono the Firebug (Gargoyle Fire Elementalist)  Turns: 4881, Time: 00:07:22

Health: -6/33      AC:  7    Str: 12    XL:     6   Next: 78%
Magic:  1/12       EV: 12    Int: 17    God:    Vehumet [......]
Gold:   115        SH:  0    Dex: 10    Spells: 4/14 levels left

rFire   . . .      SeeInvis +   l - +2 mace (drain)
rCold   . . .      Faith    .   (no shield)
rNeg    + . .      Spirit   .   a - +0 robe
rPois   ∞          Reflect  .   q - +0 helmet
rElec   +          Harm     .   (no cloak)
rCorr   .          Rampage  .   (no gloves)
Will    .....                   (no boots)
Stlth   ++........              (no amulet)
HPRegen 0.11/turn               n - ring of see invisible
MPRegen 0.13/turn               (no ring)

@: no status effects
A: sickness immunity, AC +4, negative energy resistance 1, electricity
resistance, torment resistance 1, petrification resistance
a: Renounce Religion


You were on level 4 of the Dungeon.
You worshipped Vehumet.
Vehumet was noncommittal.
You visited 1 branch of the dungeon, and saw 4 of its levels.

You collected 115 gold pieces.

Inventory:

Hand Weapons
 l - a +2 mace of draining (weapon)
 o - a +0 whip
Missiles
 p - 14 stones
Armour
 a - a +0 robe (worn)
 q - a +0 helmet (worn)
Jewellery
 e - an amulet of guardian spirit
 n - a ring of see invisible (left hand)
Wands
 h - a wand of flame (24)
 i - a wand of polymorph (10)
 j - a wand of paralysis (5)
Scrolls
 c - 2 scrolls of teleportation
Potions
 b - a potion of magic {unknown}
 f - a potion of might {unknown}
 g - a potion of haste {unknown}
 k - 2 potions of curing
 m - a potion of brilliance {unknown}


   Skills:
 + Level 0.4 Fighting
 + Level 0.3 Maces & Flails
 + Level 1.6 Dodging
 - Level 2.1 Stealth
 * Level 4.6 Spellcasting
 * Level 2.7 Conjurations
 * Level 5.0 Fire Magic


You had 4 spell levels left.
You knew the following spells:

 Your Spells              Type           Power      Damage    Failure   Level
a - Foxfire               Conj/Fire      68%        2x1d7     3%          1
b - Scorch                Fire           40%        2d7       3%          2
c - Conjure Flame         Conj/Fire      17%        6-21      9%          3
d - Flame Wave            Conj/Fire      17%        3d5       30%         4

Your spell library contained the following spells:

 Spells                   Type           Power      Damage    Failure   Level
 Static Discharge         Conj/Air       8%         N/A       13%         2
 Inner Flame              Hex/Fire       12%        N/A       16%         3
 Dazzling Flash           Conj/Hex       16%        N/A       26%         3
 Iskenderun's Mystic Bla  Conj/Tloc      8%         2d4       63%         4
 Lightning Bolt           Conj/Air       4%         1d15      93%         5
 Starburst                Conj/Fire      8%         6d4       99%         6
 Maxwell's Capacitive Co  Air            1%         ∞         100%        8


Dungeon Overview and Level Annotations

Branches:
Dungeon (4/15)
 Temple: D:4-7

Altars:
Fedhas
Ru
Vehumet
Zin

Annotations:
D:4 Duvessa


Innate Abilities, Weirdness & Mutations

You are immune to sickness and miasma.
Your stone body is resilient. (AC +4)
You are immune to poison.
You resist negative energy. (rN+)
You are resistant to electric shocks. (rElec)
You are resistant to unholy torment.
You are immune to petrification.


Message History

Flames lash Duvessa but do no damage.
The foxfire hits Dowan but does no damage.
Dowan is almost dead.
Dowan says, "There's a certain beauty in death, don't you think?"
Dowan barely misses you.
Casting: Scorch (safe; 3% risk of failure)
Confirm with . or Enter, or press ? or * to list all spells.
You conjure some foxfire!
The foxfire hits Duvessa but does no damage.
Casting: Foxfire (safe; 3% risk of failure)
Confirm with . or Enter, or press ? or * to list all spells.
You conjure some foxfire!
The foxfire hits Duvessa but does no damage.
The foxfire hits Dowan.
Dowan is almost dead.
Casting: Foxfire (safe; 3% risk of failure)
Confirm with . or Enter, or press ? or * to list all spells.
Flames lash Duvessa.
Duvessa is lightly wounded.
Duvessa's fire resistance burns away.
The foxfire hits Duvessa but does no damage.
Duvessa is lightly wounded.
The foxfire hits Duvessa but does no damage.
Duvessa is lightly wounded.
Duvessa closely misses you.
Casting: Scorch (safe; 3% risk of failure)
Confirm with . or Enter, or press ? or * to list all spells.
You conjure some foxfire!
Duvessa hits you with a +3 short sword of venom!
The foxfire hits Dowan.
You kill Dowan!
Vehumet accepts your kill.
Duvessa screams, "No!
How DARE you!"
Duvessa goes berserk!
Duvessa barely misses you.
Duvessa is no longer more vulnerable to fire.
Duvessa closely misses you.
Duvessa hits you with a +3 short sword of venom!
Duvessa hits you with a +3 short sword of venom!
You die...

..........#≈≈≈#..#...........###.
..........#...#..................
###.#######._.#..#........##.###.
# #.# #...#..####..##..#..... #
#.# ########'..####..##..#.##.. #
#.# #................##....#... #
#.# ##.#.#..##.#####.##........ #
#.####.#.#..............#.##.## .
..............@#####.#..#..#.##
###.####.#.#.##..e...............
.# ...#.##.###.............# .
#.) #.##)# #....#......... . ....
#.##.# #.....)..#..### #### #.#.
#.##.# #.#..#...#.. .... . ......
#....#...#. .... #.####
#....#...#. .... #.. ..........#


You could see Duvessa (berserk).

Vanquished Creatures
  A water moccasin (D:3)
  Dowan (D:4)
  A jelly (D:4)
  A hound skeleton (D:4)
  Robin (D:3)
  7 adders
  An ufetubus (D:3)
  A worm (D:3)
  5 dart slugs
  2 orcs
  4 ball pythons
  7 endoplasms
  5 giant cockroaches
  13 goblins
  9 hobgoblins
  8 jackals
  3 quokkas
  3 bats
  3 frilled lizards
  6 kobolds
  7 rats
89 creatures vanquished.

Vanquished Creatures (collateral kills)
  2 foxfires (D:3)
2 creatures vanquished.

Vanquished Creatures (others)
  254 foxfires
  8 plants
262 creatures vanquished.

Grand Total: 353 creatures vanquished

Notes
Turn   | Place    | Note
-------+----------+-------------------------------------------
     0 | D:1      | funkygono the Gargoyle Fire Elementalist began the quest
                  | for the Orb.
     0 | D:1      | Reached XP level 1. HP: 10/10 MP: 3/3
   154 | D:1      | Reached XP level 2. HP: 10/15 MP: 0/5
   206 | D:1      | Learned a level 2 spell: Scorch
   644 | D:1      | Reached XP level 3. HP: 19/19 MP: 2/6
   648 | D:1      | Learned a level 3 spell: Conjure Flame
  1351 | D:1      | Found a faded altar of an unknown god.
  2441 | D:2      | Reached XP level 4. HP: 20/24 MP: 8/8
  2717 | D:3      | Noticed a water moccasin
  2723 | D:3      | Killed a water moccasin
  2724 | D:3      | Reached skill level 4 in Fire Magic
  2724 | D:3      | Reached XP level 5. HP: 22/28 MP: 1/10
  3329 | D:3      | Found a blossoming altar of Fedhas.
  3535 | D:3      | Reached XP level 6. HP: 33/33 MP: 5/11
  3540 | D:3      | Learned a level 4 spell: Flame Wave
  3713 | D:3      | Found a sacrificial altar of Ru.
  4276 | D:4      | Noticed Robin
  4450 | D:3      | Killed Robin
  4648 | D:4      | Noticed Duvessa
  4654 | D:4      | Noticed Dowan
  4765 | D:4      | Found a glowing silver altar of Zin.
  4765 | D:4      | Found a radiant altar of Vehumet.
  4774 | D:4      | Reached skill level 5 in Fire Magic
  4825 | D:4      | Became a worshipper of Vehumet
  4874 | D:4      | Killed Dowan
  4881 | D:4      | Mangled by Duvessa

Illustrated notes

Levels and vault maps discovered:
D:1:      psy_arrival_conway, layout_basic, dilly_ecumenical_altar_fadedgnrine
D:2:      layout_basic
D:3:      layout_loops_cross, nicolae_ru_path_of_blood, fedhas_altar_3,
          chequers_big_river, minmay_vboxes
D:4:      layout_basic, mainiacjoe_overflow_divided_tiny, uniq_robin,
          uniq_duvessa

Skill      XL: |  1  2  3  4  5  6 |
---------------+-------------------+-----
Conjurations   | 2 |  2.7
Spellcasting   | 3 4 |  4.6
Fire Magic     | 4 5 |  5.0
Fighting       | |  0.4
Maces & Flails | |  0.3
Dodging        | |  1.6
Stealth        | |  2.1

Action                   |  1- 3 |  4- 6 || total
-------------------------+-------+-------++-------
Melee: Unarmed           |     3 |       ||     3
       Club              |    21 |     3 ||    24
       Whip              |       |    15 ||    15
       Mace              |       |     3 ||     3
 Cast: Foxfire           |    57 |    96 ||   153
       Scorch            |     5 |    19 ||    24
  Use: Scroll            |       |     5 ||     5
Armor: Robe              |    13 |    19 ||    32
Dodge: Dodged            |    21 |    36 ||    57

Table legend: (Time is in decaauts)
 A = Elapsed time spent in this place.
 B = Non-inter-level travel time spent in this place.
 C = Inter-level travel time spent in this place.
 D = Time resting spent in this place.
 E = Time spent auto-exploring this place.
 F = Levels seen in this place.
 G = Mean time per level.
                   A        B        C        D        E       F      G
               +--------+--------+--------+--------+--------+-----+--------+
         Total |   4907 |   4746 |    161 |    283 |   3742 |   4 | 1226.8 |
       Dungeon |   4907 |   4746 |    161 |    283 |   3742 |   4 | 1226.8 |
               +--------+--------+--------+--------+--------+-----+--------+

Top non-repeatable levels by time:
     D:3: 1547 daAuts
     D:1: 1417 daAuts
     D:2: 1228 daAuts
     D:4: 714 daAuts
